AoeStats
← BOMBERONE

Yucatan

510640988Analyzed
3v3 RM · 1d ago on Oct 1, 2026· 49m 17s· 6 players
Game mode
Random Map
Map size
Normal (6 player)
Population
200
Speed
Normal
Resources
Standard
Victory
Conquest
Starting age
Dark Age
Ending age
Imperial Age
RankedLock teamsTeams togetherTeam positionsShared explorationLock speedFull tech treeHidden civsTurbo modeCheats
Victory
Defeat
🇺🇸 Saxons · United States
968
+10
🇨🇴 Khmer · Colombia
784
+17
🇨🇴 Goths · Colombia
769
+18
🇱🇻 Magyars · Latvia
896
-17
🇮🇹 Byzantines · Italy
856
-46
🇯🇴 Franks · Jordan
709
-11
BOMBERONE
16:34 Feudal Age
18:23 Horse Collar
18:37 Gold Mining
18:40 Stone Mining
18:53 Double-Bit Axe
18:32 Man-at-Arms
20:54 Wheelbarrow
26:56 Castle Age
25:19 Forging
24:59 Fletching
28:12 Crossbowman
28:58 Thumb Ring
28:13 Elite Skirmisher
28:18 Long Swordsman
28:44 Gambesons
31:07 Pikeman
31:47 Squires
31:33 Arson
31:46 Bodkin Arrow
36:26 Husbandry
37:43 Bow Saw
38:14 Gold Shaft Mining
38:14 Stone Shaft Mining
37:51 Heavy Plow
MasterEdzis
12:46 Feudal Age
16:22 Castle Age
14:29 Double-Bit Axe
17:07 Stone Mining
19:37 Bow Saw
22:39 Corvinian Army
25:58 Horse Collar
29:10 Wheelbarrow
29:50 Bloodlines
30:37 Hand Cart
31:57 Heavy Plow
35:39 Imperial Age
33:49 Husbandry
35:18 Scale Barding Armor
36:49 Conscription
37:30 Elite Magyar Huszar
38:58 Chain Barding Armor
41:32 Padded Archer Armor
41:23 Fletching
42:46 Plate Barding Armor
42:26 Thumb Ring
42:48 Parthian Tactics
43:27 Heavy Cavalry Archer
45:52 Bodkin Arrow
MR.ESSA
0:31 Loom
11:36 Feudal Age
20:22 Castle Age
19:00 Wheelbarrow
18:11 Town Watch
18:30 Padded Archer Armor
18:21 Fletching
18:42 Forging
18:33 Scale Mail Armor
18:39 Scale Barding Armor
26:20 Imperial Age
25:30 Husbandry
29:23 Double-Bit Axe
31:52 Chain Barding Armor
32:38 Hand Cart
33:03 Cavalier
35:14 Fortified Wall
43:13 Chemistry
47:32 Murder Holes
Landogz
10:09 Feudal Age
11:22 Double-Bit Axe
18:09 Castle Age
16:30 Fletching
16:44 Padded Archer Armor
16:56 Forging
16:46 Scale Mail Armor
19:05 Wheelbarrow
18:17 Loom
18:51 Crossbowman
24:06 Horse Collar
25:32 Heavy Plow
26:19 Town Watch
27:30 Bow Saw
28:16 Gold Mining
33:16 Imperial Age
31:01 Arson
31:07 Pikeman
33:02 Squires
33:40 Iron Casting
33:00 Bodkin Arrow
33:20 Leather Archer Armor
33:17 Halberdier
35:25 Hand Cart
36:27 Town Patrol
37:11 Arbalester
38:55 Elite Varangian Guard
39:58 Elite Hearth Troop
48:01 Hoardings
46:47 Shield Wall
47:52 Guard Tower
47:47 Arrowslits
49:03 Chemistry
48:23 Ballistics
48:14 Masonry
48:01 Murder Holes
47:54 Treadmill Crane
49:17 Two-Man Saw
49:03 Conscription
49:11 Conscription
49:46 Gold Shaft Mining
49:02 Stone Mining
luhigy23
3:08 Loom
15:23 Feudal Age
18:04 Town Watch
18:54 Wheelbarrow
20:59 Castle Age
18:49 Double-Bit Axe
21:47 Horse Collar
22:34 Hand Cart
23:22 Bow Saw
23:15 Heavy Plow
32:00 Gold Mining
32:00 Stone Mining
33:19 Stone Shaft Mining
32:57 Forging
32:47 Scale Mail Armor
35:49 Imperial Age
33:44 Town Watch
34:45 Iron Casting
35:48 Town Patrol
35:39 Treadmill Crane
36:19 Chain Mail Armor
37:12 Squires
38:19 Blast Furnace
37:57 Anarchy
37:18 Elite Huskarl
37:59 Perfusion
38:20 Conscription
37:31 Pikeman
38:15 Halberdier
42:36 Scale Barding Armor
42:32 Padded Archer Armor
42:23 Fletching
45:11 Chain Barding Armor
45:07 Leather Archer Armor
44:47 Bodkin Arrow
45:57 Chemistry
45:18 Ballistics
48:57 Spies/Treason
fabianandresrestrepo
9:36 Feudal Age
8:25 Loom
15:24 Castle Age
27:56 Imperial Age
26:09 Double-Bit Axe
28:25 Pikeman
38:34 Halberdier
46:15 Murder Holes
47:21 Chemistry
Connection lost

Rejoining the realm…

Still unreachable

The connection could not be restored.

Session expired

The server has moved on; the page needs a fresh start.